 Dungeon Sprint DCSS version 0.28.0-53-g5a82cb258f (webtiles) character file.

Game seed: 4110434512385386236

3871 Zeld the Eclecticist (level 10, -9/50 HPs)
             Began as a Deep Elf Conjurer on June 5, 2022.
             Was an Elder of Sif Muna.
             Mangled by a catoblepas (15 damage)
             ... while petrified by a catoblepas
             ... in the Dungeon (Sprint IX: "|||||||||||||||||||||||||||||").
             The game lasted 00:03:00 (1428 turns).

Zeld the Eclecticist (Deep Elf Conjurer)            Turns: 1428, Time: 00:03:01

Health: -9/50      AC:  4    Str:  6    XL:     10   Next: 0%
Magic:  19/34      EV:  2    Int: 29    God:    Sif Muna [****..]
Gold:   12         SH:  0    Dex: 13    Spells: 39/46 levels left

rFire   . . .      SeeInvis .   (no weapon)
rCold   . . .      Faith    .   (no shield)
rNeg    + + +      Spirit   .   a - +0 robe
rPois   ∞          Reflect  .   (no helmet)
rElec   .          Harm     .   j - +0 cloak
rCorr   .          Rampage  .   (no gloves)
Will    +....      NoTele   +   p - +0 pair of boots
Stlth   ++++......              (no amulet)
HPRegen 0.16/turn               l - +2 ring of evasion
MPRegen 0.24/turn               k - +3 ring of intelligence

@: petrified
A: no striking features
a: Renounce Religion, Channel Magic, Forget Spell, Divine Exegesis


You were in the Dungeon.
You worshipped Sif Muna.
Sif Muna was greatly pleased with you.
You visited 1 branch You collected 12 gold pieces.

Inventory:

Armour
 a - a +0 robe (worn)
 j - a +0 cloak (worn)
 p - a +0 pair of boots (worn)
Jewellery
 k - a +3 ring of intelligence (right hand)
 l - a +2 ring of evasion (left hand)
Wands
 i - a wand of iceblast (10)
Scrolls
 g - a scroll of blinking
 h - 2 scrolls of amnesia
 o - a scroll of summoning
 q - 3 scrolls of fear
 r - 2 scrolls of enchant armour
Potions
 b - 7 potions of curing
 c - 3 potions of heal wounds
 d - a potion of haste
 e - a potion of magic
 f - a potion of invisibility
 m - a potion of might
 n - a potion of brilliance


   Skills:
 - Level 8.0 Dodging
 - Level 8.0 Stealth
 + Level 18.8 Spellcasting
 + Level 16.5 Conjurations
 - Level 2.0 Hexes
 - Level 2.0 Translocations
 * Level 4.2 Invocations
 * Level 4.1 Evocations


You had 39 spell levels left.
You knew the following spells:

 Your Spells              Type           Power      Damage    Failure   Level
a - Magic Dart            Conj           100%       1d8       0%          1
b - Searing Ray           Conj           100%       2d8       0%          2
c - Iskenderun's Mystic   Conj/Tloc      69%        2d14      1%          4

Your spell library contained the following spells:

 Spells                   Type           Power      Damage    Failure   Level
 Dazzling Flash           Conj/Hex       100%       N/A       1%          3
 Fulminant Prism          Conj/Hex       34%        3d16      1%          4


Dungeon Overview and Level Annotations

Branches:
Dungeon (1/1)

Altars:
Cheibriados
Dithmenos
Elyvilon
Fedhas
Gozag
Hepliaklqana
Kikubaaqudgha
Makhleb
Nemelex Xobeh
Okawaru
Qazlal
Ru
Sif Muna
Trog
Uskayaw
Vehumet
Wu Jian
Xom
Yredelemnul
Zin
The Shining One
Beogh
Jiyva
Lugonu


Message History

Press: ? - help, Shift-Dir - straight line, f - komodo dragon
Aim: a komodo dragon (almost dead, wandering, hasn't noticed you, 87% to hit)
The searing ray misses the komodo dragon. (Press . to maintain the ray.)
The komodo dragon hisses angrily.
The bullfrog gives a loud, deep croak!
The catoblepas breathes a plume of calcifying dust at you.
The blast of calcifying dust hits the bullfrog!
The bullfrog dies!
The blast of calcifying dust hits the komodo dragon.
The blast of calcifying dust hits you.
You have reached level 10!
You are engulfed in calcifying dust.
You are slowing down.
Unknown command.
Your limbs are stiffening.
You have turned to stone.
The komodo dragon is engulfed in calcifying dust. x2
The catoblepas breathes a plume of calcifying dust at you.
The blast of calcifying dust hits the komodo dragon.
The blast of calcifying dust hits you!
You are engulfed in calcifying dust. x3
You turn to flesh and can move again.
Unknown command.
Unknown command.
You are engulfed in calcifying dust.
You are slowing down.
Unknown command.
Your limbs are stiffening.
The catoblepas breathes a plume of calcifying dust at you.
The blast of calcifying dust hits you!
* * * LOW HITPOINT WARNING * * *
You have turned to stone.
You are engulfed in calcifying dust. x3
The catoblepas gores you!
* * * LOW HITPOINT WARNING * * *
The catoblepas breathes a plume of calcifying dust at you.
The blast of calcifying dust hits you!
* * * LOW HITPOINT WARNING * * *
You are engulfed in calcifying dust.
The catoblepas gores you!!
You die...

▓▓▓▓▓▓▓▓▓▓▓▓▓▓▓▓▓▓▓▓▓▓▓▓▓▓
▓<...')....')....'________
▓▓▓▓▓▓▓▓▓▓▓▓▓▓▓▓▓▓▓▓▓▓▓▓▓▓
▓.........................
▓.▓▓▓▓▓▓▓▓▓▓▓▓▓▓▓▓▓▓▓▓▓▓▓▓
▓......§§@Y......lY..Y'§§F
▓▓▓▓▓▓▓▓▓▓▓▓▓▓▓▓▓▓▓▓▓▓▓▓▓▓


You could see a catoblepas.

Vanquished Creatures
  A centaur warrior (D)
  A two-headed ogre (D)
  A tengu warrior (D)
  An ugly thing (D)
  A gargoyle (D)
  A cane toad (D)
  A troll (D)
  A wraith (D)
  A basilisk (D)
  An acid dragon (D)
  2 water moccasins (D)
  A wolf (D)
  2 scorpions (D)
  A killer bee (D)
  A hound (D)
  An iguana (D)
  2 orc wizards (D)
  An adder (D)
  An orc (D)
  2 bats (D)
  A goblin (D)
  A hobgoblin (D)
  A kobold (D)
  A giant cockroach zombie (D)
28 creatures vanquished.

Vanquished Creatures (others)
  A bullfrog (D)
1 creature vanquished.

Grand Total: 29 creatures vanquished

Notes
Turn   | Place    | Note
-------+----------+-------------------------------------------
     0 | D        | Zeld the Deep Elf Conjurer began the quest for the Orb.
     0 | D        | Reached XP level 1. HP: 10/10 MP: 6/6
     6 | D        | Reached skill level 1 in Hexes
     6 | D        | Reached skill level 1 in Translocations
   262 | D        | Noticed an iguana
   262 | D        | Noticed a hound
   262 | D        | Noticed a scorpion
   267 | D        | Killed an iguana
   268 | D        | Reached skill level 5 in Spellcasting
   268 | D        | Reached skill level 5 in Conjurations
   268 | D        | Reached XP level 2. HP: 15/15 MP: 8/10
   268 | D        | Reached XP level 3. HP: 19/19 MP: 8/11
   272 | D        | Reached skill level 5 in Stealth
   272 | D        | Reached skill level 6 in Spellcasting
   419 | D        | Learned a level 2 spell: Searing Ray
   433 | D        | Reached XP level 4. HP: 20/24 MP: 9/14
   435 | D        | Killed a scorpion
   436 | D        | Reached skill level 7 in Spellcasting
   441 | D        | Learned a level 4 spell: Iskenderun's Mystic Blast
   767 | D        | Found a snail-covered altar of Cheibriados.
   767 | D        | Found a shadowy altar of Dithmenos.
   767 | D        | Found a white marble altar of Elyvilon.
   767 | D        | Found a blossoming altar of Fedhas.
   767 | D        | Found an opulent altar of Gozag.
   768 | D        | Found a hazy altar of Hepliaklqana.
   769 | D        | Found a viscous altar of Jiyva.
   770 | D        | Found an ancient bone altar of Kikubaaqudgha.
   771 | D        | Found a corrupted altar of Lugonu.
   772 | D        | Found a burning altar of Makhleb.
   773 | D        | Found a sparkling altar of Nemelex Xobeh.
   774 | D        | Found an iron altar of Okawaru.
   775 | D        | Found a stormy altar of Qazlal.
   776 | D        | Found a sacrificial altar of Ru.
   777 | D        | Found a shimmering blue altar of Sif Muna.
   778 | D        | Found a bloodstained altar of Trog.
   779 | D        | Found a hide-covered altar of Uskayaw.
   780 | D        | Found a radiant altar of Vehumet.
   781 | D        | Found an ornate altar of the Wu Jian Council.
   782 | D        | Found a shimmering altar of Xom.
   783 | D        | Found a basalt altar of Yredelemnul.
   784 | D        | Found a glowing silver altar of Zin.
   785 | D        | Became a worshipper of Sif Muna the Loreminder
   786 | D        | Found a glowing golden altar of the Shining One.
   818 | D        | Noticed a two-headed ogre
   818 | D        | Noticed a troll
   823 | D        | Reached skill level 5 in Dodging
   823 | D        | Reached skill level 8 in Spellcasting
   823 | D        | Reached XP level 5. HP: 28/28 MP: 1/17
   826 | D        | Killed a two-headed ogre
   826 | D        | Reached * piety under Sif Muna
   827 | D        | Reached skill level 13 in Spellcasting
   827 | D        | Reached XP level 6. HP: 32/32 MP: 13/24
   827 | D        | Reached XP level 7. HP: 36/36 MP: 13/25
   829 | D        | Killed a troll
   830 | D        | Reached XP level 8. HP: 41/41 MP: 7/27
   831 | D        | Reached ** piety under Sif Muna
   957 | D        | Noticed a tengu warrior
   957 | D        | Noticed a centaur warrior
   957 | D        | Noticed a white ugly thing
   957 | D        | Noticed a gargoyle
   963 | D        | Killed a centaur warrior
   963 | D        | Killed a tengu warrior
   964 | D        | Reached skill level 16 in Spellcasting
   964 | D        | Reached XP level 9. HP: 14/45 MP: 12/31
   965 | D        | Killed a white ugly thing
   966 | D        | Reached skill level 17 in Spellcasting
   966 | D        | Reached skill level 15 in Conjurations
   972 | D        | Reached *** piety under Sif Muna
   972 | D        | HP: 2/45 [gargoyle/stone arrow (13)]
   973 | D        | Reached skill level 18 in Spellcasting
   993 | D        | Killed a gargoyle
  1368 | D        | Noticed a cane toad
  1368 | D        | Noticed a komodo dragon
  1372 | D        | Killed a cane toad
  1375 | D        | Reached **** piety under Sif Muna
  1376 | D        | Noticed a catoblepas
  1408 | D        | Reached XP level 10. HP: 22/50 MP: 14/34
  1428 | D        | Mangled by a catoblepas

Illustrated notes

Levels and vault maps discovered:
D:        linesprint [early_d, line_temple, items_1, d_10, items_2, lair_1,
          lair_end, items_3, orc_1, orc_end, items_4, d_15, swamp_1, shoals_1,
          snake_1, spider_1, d_20, vaults_1, items_5, swamp_end, shoals_end,
          snake_end, spider_end, vaults_end, d_27, items_6, zot_1, zot_end,
          crypt_end, forest_end, elf_end, slime_end, tomb_end, abyss_end,
          pan_hell_end]

Skill      XL: |  1  2  3  4  5  6  7  8  9 |
---------------+----------------------------+-----
Hexes          | 2 |  2.0
Translocations | 2 |  2.0
Stealth        | 4 6 8 |  8.0
Spellcasting   | 5 6 8 13 16 18 | 18.8
Conjurations   | 5 6 7 11 12 14 16 | 16.5
Dodging        | 5 8 |  8.0
Invocations    | 4 |  4.2
Evocations     | 4 |  4.1

Action                   |  1- 3 |  4- 6 |  7- 9 | 10-12 || total
-------------------------+-------+-------+-------+-------++-------
Melee: Unarmed           |     5 |       |       |       ||     5
       Dagger            |     9 |       |       |       ||     9
 Cast: Magic Dart        |     7 |       |       |       ||     7
       Searing Ray       |     1 |     3 |     7 |       ||    11
       Iskenderun's Myst |       |     3 |    18 |       ||    21
  Use: Potion            |     1 |     1 |     4 |       ||     6
       Scroll            |       |       |     2 |       ||     2
Armor: Robe              |     3 |       |     1 |       ||     4
Dodge: Dodged            |    11 |     3 |    19 |       ||    33
